 Dungeon Crawl Stone Soup version 0.29-a0-468-ge57f7f99b4 (webtiles) character file.

Game seed: 2058663710030453237

326 Sobieck the Conjurer (level 6, -3/51 HPs)
             Began as a Draconian Conjurer on May 22, 2022.
             Was an Initiate of Hepliaklqana.
             Slain by Maggie
             ... wielding a +2 glaive of protection
              (6 damage)
             ... on level 6 of the Dungeon.
             The game lasted 00:12:46 (5158 turns).

Sobieck the Conjurer (Draconian Conjurer)           Turns: 5158, Time: 00:12:46

Health: -3/51      AC:  7    Str: 15    XL:     6   Next: 24%
Magic:  3/11       EV: 12    Int: 20    God:    Hepliaklqana [......]
Gold:   237        SH:  0    Dex:  9    Spells: 5/12 levels left

rFire   . . .      SeeInvis .   m - +3 dagger (venom) {short}
rCold   . . .      Faith    .   (no shield)
rNeg    . . .      Spirit   .   (body armour unavailable)
rPois   .          Reflect  .   (helmet restricted)
rElec   .          Harm     .   (no cloak)
rCorr   +          Rampage  .   (no gloves)
Will    .....                   n - +0 pair of boots
Stlth   ++........              (no amulet)
HPRegen 0.17/turn               r - ring of Qeatuuf {rCorr Str+5}
MPRegen 0.12/turn               (no ring)

@: no status effects
A: AC +6, unfitting armour, cold-blooded
a: Renounce Religion


You were on level 6 of the Dungeon.
You worshipped Hepliaklqana.
Hepliaklqana was noncommittal.
You visited 2 branches of the dungeon, and saw 7 of its levels.

You collected 237 gold pieces.


Innate Abilities, Weirdness & Mutations

Your plain brown scales are hard. (AC +6)
You cannot fit into any form of body armour.
You are cold-blooded and may be slowed by cold attacks.


   Skills:
 * Level 3.2 Fighting
 + Level 2.7 Dodging
 - Level 1.7 Stealth
 * Level 3.6 Spellcasting
 * Level 5.1 Conjurations
 + Level 1.2 Hexes


You had 5 spell levels left.
You knew the following spells:

 Your Spells              Type           Power      Damage    Failure   Level
a - Magic Dart            Conj           96%        1d7       1%          1
b - Searing Ray           Conj           48%        2d6       2%          2
c - Fulminant Prism       Conj/Hex       8%         3d7       36%         4

Your spell library contained the following spells:

 Spells                   Type           Power      Damage    Failure   Level
 Dazzling Flash           Conj/Hex       32%        N/A       11%         3
 Tukima's Dance           Hex            8%         N/A       24%         3
 Portal Projectile        Hex/Tloc       12%        N/A       30%         3
 Iskenderun's Mystic Bla  Conj/Tloc      13%        2d5       43%         4
 Silence                  Hex/Air        3%         N/A       96%         5
 Agony                    Necr           3%         N/A       98%         5
 Blade Hands              Tmut           1%         N/A       98%         5

Inventory:

Hand Weapons
 b - a +0 whip {mace}
   (You found it on level 1 of the Dungeon)
 m - a +3 dagger of venom (weapon) {short}
   (You found it on level 2 of the Dungeon)
Missiles
 e - 142 stones {throwing}
 f - 4 boomerangs (quivered) {throwing}
 t - 5 poisoned darts {throwing}
Armour
 n - a +0 pair of boots (worn)
   (You found it on level 2 of the Dungeon)
Jewellery
 h - a ring of ice
   (You found it on level 1 of the Dungeon)
 r - the ring of Qeatuuf (left hand) {rCorr Str+5}
   (You found it on level 2 of the Dungeon)

   [ring of resist corrosion]

   Str:       It affects your strength (+5).
   rCorr:     It protects you from acid and corrosion.
Wands
 p - a wand of paralysis (12)
   (You found it on level 6 of the Dungeon)
Scrolls
 c - 4 scrolls of identify {@r1}
 k - a scroll of teleportation {@r4}
 l - a scroll of enchant weapon
 q - a scroll of enchant armour {unknown}
 v - a scroll of acquirement
Potions
 a - a potion of magic
 d - 2 potions of might
 g - 2 potions of attraction {!q}
 i - a potion of degeneration {unknown}
 j - 2 potions of lignification {unknown}
 o - 2 potions of heal wounds {unknown}
 u - a potion of invisibility {unknown}
 w - a potion of curing {unknown}

Dungeon Overview and Level Annotations

Branches:
Dungeon (7/15)             Temple (1/1) D:4

Altars:
Ashenzari
Cheibriados
Dithmenos
Elyvilon
Fedhas
Gozag
Hepliaklqana
Kikubaaqudgha
Makhleb
Nemelex Xobeh
Okawaru
Qazlal
Ru
Trog
Uskayaw
Wu Jian
Xom
Yredelemnul
Zin

Shops:
D:2 (

Annotations:
D:2 Sigmund
D:6 exclusion: ogre, Maggie

#.##.........,****
##.###.###....,,,,,
#.......#**,##.****
#..###.......,,,,,,
#..# #.......,,,***
#..# ########**,* *
#..# *,* * #..# *,*
*
##@#***********,***
#..@.....,,,,,,,,,
#.#######*****,**,
#.# ******,**, #.#
*,,,,,,,,, #.#
*,****,**, #.# *,*
*,,,, #.# *,* *,***
*,***** *,* *,*,,


You could see Maggie.


Message History

Found an iron altar of Okawaru.
Unknown command.
You open the door. You open the door.
There is an open door here.
You open the door.
There is an open door here.
There is a white marble altar of Elyvilon here.
You open the door.
There is an open door here.
Done exploring.
Unknown command.
Unknown command.
Unknown command.
Unknown command.
There is an open door here.
Unknown command.
There is an open door here.
As you open the door, it creaks loudly!
There is an open door here.
There is a hazy altar of Hepliaklqana here.
You kneel at the altar of Hepliaklqana.
Hepliaklqana welcomes you!
(D) Dungeon (T) Temple
Where to? (Enter - Temple, ? - help)
There is an open door here.
There is a basalt altar of Yredelemnul here.
There is an open door here.
There is a staircase back to the Dungeon here.
You climb upwards.
Welcome back to the Dungeon!
There is a staircase to the Ecumenical Temple here.
Unknown command.
A sourceless malevolence fills the Dungeon...
You fall into a shaft and drop 2 floors!
The shaft crumbles and collapses.
Really read
p - a scroll of magic mapping {!r}?
As you read the scroll of magic mapping {!r}, it crumbles to dust.
You feel aware of your surroundings.
An ogre and a bullfrog come into view.
Danger!
Placed new exclusion.
Press: ? - help, . - travel You can't see that place. [the floor.] Unknown command.
An orc wizard comes into view. It is wielding a +0 dagger.
Danger!
You now have 229 gold pieces (gained 10).
Found a club.
Found a stone staircase leading down.
Unknown command.
There is a stone staircase leading down here.
Unknown command.
You climb downwards.
There is a stone staircase leading up here.
Unknown command.
Found an escape hatch in the floor.
e - 132 stones {throwing} (gained 17)
e - 142 stones {throwing} (gained 10)
There is a stone staircase leading up here.
There is a stone staircase leading up here.
There is an escape hatch in the floor here.
There is a stone staircase leading up here.
You climb upwards.
Level annotation: exclusion: ogre
There is a stone staircase leading down here.
p - a wand of paralysis (12)
You now have 237 gold pieces (gained 8).
Maggie the Vainglorious comes into view.
She is wielding a +2 glaive of protection.
Maggie shouts!
Maggie hits you but does no damage.
Danger!
Casting: Searing Ray (safe; 2% risk of failure)
Confirm with . or Enter, or press ? or * to list all spells.
Aiming: Searing Ray (safe; 2% risk of failure)
Press: ? - help, Shift-Dir - straight line, f - Maggie
Aim: Maggie, wielding a +2 glaive of protection and wearing +0 steam dragon scales (79% to hit)
The searing ray hits Maggie but does no damage. (Press . to maintain the ray.) Maggie hits you from afar with a +2 glaive of protection.
The searing ray hits Maggie.
Maggie gestures at you while chanting. The bolt of fire hits you!!
* * * LOW HITPOINT WARNING * * *
The searing ray hits Maggie.
Maggie barely misses you.
The searing ray hits Maggie.
You finish channelling your searing ray.
Maggie misses you.
Unknown command.
Casting: Searing Ray (safe; 2% risk of failure)
Confirm with . or Enter, or press ? or * to list all spells.
Aiming: Searing Ray (safe; 2% risk of failure)
Press: ? - help, Shift-Dir - straight line, f/p - Maggie
Aim: Maggie, wielding a +2 glaive of protection and wearing +0 steam dragon scales (moderately wounded, 79% to hit)
The searing ray hits Maggie. (Press . to maintain the ray.) Maggie hits you from afar with a +2 glaive of protection!
* * * LOW HITPOINT WARNING * * *
The searing ray hits Maggie.
Maggie hits you from afar with a +2 glaive of protection.
You die...

Skill      XL: |  1  2  3  4  5 |
---------------+----------------+-----
Fighting       | 1 2 3 |  3.2
Dodging        | 2 |  2.7
Spellcasting   | 3 |  3.6
Conjurations   | 5 |  5.1
Hexes          | 1 |  1.2
Stealth        | |  1.7

Action                   |  1- 3 |  4- 6 || total
-------------------------+-------+-------++-------
Melee: Whip              |     1 |       ||     1
       Dagger            |     2 |    46 ||    48
       Tailslap          |       |     5 ||     5
       Punch             |       |     1 ||     1
Throw: Boomerang         |       |     3 ||     3
 Cast: Magic Dart        |    70 |    57 ||   127
       Searing Ray       |     7 |    15 ||    22
  Use: Scroll            |       |    10 ||    10
Armor: Skin              |     4 |    26 ||    30
Dodge: Dodged            |     4 |    44 ||    48

Levels and vault maps discovered:
D:1:      psy_arrival_whirlpool, layout_basic, hangedman_decor_opposing,
          minmay_liquid_box
D:2:      layout_basic, serial_shops, nicolae_shop_bloodbath_and_beyond,
          uniq_sigmund
D:3:      layout_basic, serial_bayou, serial_bayou_shore_b,
          serial_bayou_shore_a, serial_bayou_crossing, serial_bayou_shore_b
D:4:      layout_rooms, marbit_many_paths, minmay_temple_entry_stoned_glass,
          minmay_door_square, uniq_blork_the_orc
D:6:      layout_loops_ring, uniq_maggie
D:7:      layout_loops_ring, serial_shops, shop_fountains, minmay_ruined_shrine,
          uniq_menkaure
Temple:   mainiacjoe_temple_bowtie_tessellation

Notes
Turn   | Place    | Note
-------+----------+-------------------------------------------
     0 | D:1      | Sobieck the Draconian Conjurer began the quest for the Orb.
     0 | D:1      | Reached XP level 1. HP: 14/14 MP: 3/3
    46 | D:1      | You pick up a book of the Senses and begin reading...
    46 | D:1      | You add the spells Agony and Silence to your library.
   242 | D:1      | Reached XP level 2. HP: 22/22 MP: 1/5
   289 | D:1      | Learned a level 2 spell: Searing Ray
   440 | D:1      | Reached skill level 1 in Fighting
  1125 | D:1      | Reached XP level 3. HP: 28/28 MP: 2/6
  1200 | D:1      | Reached skill level 2 in Dodging
  1364 | D:2      | Found Luibb's Weapon Emporium.
  1411 | D:2      | Noticed Sigmund
  1523 | D:2      | You pick up a book of Weapons and begin reading...
  1523 | D:2      | You add the spells Tukima's Dance, Portal Projectile and
                  | Blade Hands to your library.
  1922 | D:2      | Reached skill level 2 in Fighting
  1971 | D:2      | Identified the ring of Qeatuuf {rCorr Str+5}
  2025 | D:2      | Reached XP level 4. HP: 36/36 MP: 1/8
  2839 | D:3      | Learned a level 4 spell: Fulminant Prism
  3008 | D:3      | Reached skill level 3 in Spellcasting
  3746 | D:4      | Identified a scroll of acquirement
  3778 | D:4      | Noticed a phantom
  3778 | D:4      | Noticed a scorpion
  3794 | D:3      | Killed a scorpion
  3795 | D:3      | Reached XP level 5. HP: 35/42 MP: 9/9
  3844 | D:4      | Killed a phantom
  3845 | D:4      | Reached skill level 3 in Fighting
  3845 | D:4      | Reached skill level 5 in Conjurations
  4005 | D:4      | Reached skill level 1 in Hexes
  4126 | D:4      | Reached XP level 6. HP: 51/51 MP: 7/11
  4751 | D:4      | Found a staircase to the Ecumenical Temple.
  4760 | Temple   | Entered the Ecumenical Temple
  4992 | Temple   | Became a worshipper of Hepliaklqana the Forgotten
  5014 | D:4      | You fall into a shaft and drop 2 floors!
  5152 | D:6      | Noticed Maggie
  5157 | D:6      | HP: 3/51 [Maggie/+2 glaive of protection (17)]
  5158 | D:6      | Slain by Maggie

Vanquished Creatures
  A phantom (D:4)
  A scorpion (D:3)
  An orc priest (D:4)
  6 adders
  5 worms
  4 dart slugs
  7 orcs
  3 endoplasms
  6 giant cockroaches
  6 goblins
  4 hobgoblins
  4 jackals
  8 kobolds
  6 quokkas
  8 ball pythons
  5 bats
  5 frilled lizards
  3 rats
83 creatures vanquished.

Table legend:
 A = Non-vault XP
 B = Vault XP
 C = Vault XP percentage of total XP
 D = Non-vault monster count
 E = Vault monster count
 F = Vault count percentage of total count
                 A         B        C        D         E       F
            +---------+---------+-------+---------+---------+-------
      Total |     467 |       0 |   0.0 |      83 |       0 |   0.0
            +---------+---------+-------+---------+---------+-------
        D:1 |      42 |       0 |   0.0 |      26 |       0 |   0.0
        D:2 |      83 |       0 |   0.0 |      23 |       0 |   0.0
        D:3 |     130 |       0 |   0.0 |      13 |       0 |   0.0
        D:4 |     212 |       0 |   0.0 |      21 |       0 |   0.0
            +---------+---------+-------+---------+---------+-------

Illustrated notes

Table legend:
 A = Kills in this place as a percentage of kills in entire the game.
 B = Kills by you in this place as a percentage of kills by you in the entire game.
 C = Kills by friends in this place as a percentage of kills by friends in the entire game.
 D = Other kills in this place as a percentage of other kills in the entire game.
 E = Experience gained in this place as a percentage of experience gained in the entire game.
 F = Experience gained in this place divided by the number of levels of this place that you have seen.
                   A       B       C       D       E      F
               +-------+-------+-------+-------+-------+----------------------
         Total | 100.0 | 100.0 |   N/A |   N/A | 100.0 |  66.7
       Dungeon | 100.0 | 100.0 |   N/A |   N/A | 100.0 |  77.8
               +-------+-------+-------+-------+-------+----------------------

Table legend: (Time is in decaauts)
 A = Elapsed time spent in this place.
 B = Non-inter-level travel time spent in this place.
 C = Inter-level travel time spent in this place.
 D = Time resting spent in this place.
 E = Time spent auto-exploring this place.
 F = Levels seen in this place.
 G = Mean time per level.
                   A        B        C        D        E       F      G
               +--------+--------+--------+--------+--------+-----+--------+
         Total |   5195 |   5094 |    101 |    826 |   3471 |   7 |  742.1 |
       Dungeon |   4945 |   4861 |     84 |    826 |   3278 |   6 |  824.2 |
        Temple |    249 |    232 |     17 |      0 |    193 |   1 |  249.0 |
               +--------+--------+--------+--------+--------+-----+--------+

Top non-repeatable levels by time:
     D:3: 1428 daAuts
     D:1: 1310 daAuts
     D:2: 1223 daAuts
     D:4: 839 daAuts
  Temple: 249 daAuts
     D:6: 91 daAuts
     D:7: 52 daAuts
